Map: King Sejong Station LE

Players

Fropez - Winner!

  • Race: Protoss Protoss
  • League: Gold
  • Spawn Location: 5:00

spookietech

  • Race: Zerg Zerg
  • League: Gold
  • Spawn Location: 11:00

VOD

Have the link to the VOD?

Description

Time

  • Played on: Nov. 14, 2016, 10:21 a.m.
  • Length: 7:38
Show
View Real Time Build Order
Export as new Build Order

Fropez Protoss - Winner!

Build Orders:  

Get SALT Encoding   

  12  0:04  Probe (Chrono Boost)  
  14  0:14  Probe (Chrono Boost)  
  14  0:21  Pylon  
  14  0:25  Probe (Chrono Boost)  
  15  0:39  Probe (Chrono Boost)  
  15  0:42  Gateway  
  16  0:51  Probe (Chrono Boost)  
  16  0:56  Assimilator  
  17  1:01  Probe (Chrono Boost)  
  18  1:12  Probe (Chrono Boost), Assimilator  
  19  1:23  Probe (Chrono Boost)  
  20  1:33  Probe (Chrono Boost)  
  20  1:35  Cybernetics Core  
  21  1:44  Probe (Chrono Boost)  
  22  1:50  Pylon  
  22  1:54  Probe (Chrono Boost)  
  22  1:59  Gateway  
  23  2:03  Pylon  
  23  2:11  Warp Gate (Chrono Boost)  
  23  2:13  Mothership Core  
  25  2:17  Adept  
  27  2:25  Gateway  
  27  2:34  Probe  
  28  2:45  Gateway  
  28  2:50  Gateway  
  28  2:58  Probe  
  28  3:01  Stalker  
  28  3:02  Stalker  
  33  3:15  Stalker  
  33  3:19  Probe  
  36  3:32  Twilight Council, Probe  
  36  3:42  Pylon  
  36  3:54  Probe  
  37  4:06  Probe  
  36  4:10  Resonating Glaives (Chrono Boost)  
  36  4:19  Adept x2  
  36  4:20  Adept x3  
  46  4:29  Gateway  
  46  4:33  Probe  
  47  4:56  Pylon  
  47  5:00  Pylon  
  47  5:03  Pylon  
  47  5:14  Probe  
  48  5:18  Adept  
  48  5:19  Adept x4  
  58  5:55  Adept x4  
  58  5:56  Adept  
  66  6:28  Adept x4  
  66  6:31  Probe  
  69  6:43  Probe  
  66  6:55  Probe  
  66  6:56  Adept x2  
  71  7:15  Nexus  
  71  7:17  Pylon  
  71  7:21  Pylon  
  70  7:22  Probe  
  70  7:24  Pylon  
Show
View Real Time Build Order
Export as new Build Order

spookietech Zerg 

Build Orders: Pool First 

Get SALT Encoding   

  12  0:01  Drone  
  13  0:12  Overlord  
  13  0:17  Drone  
  14  0:23  Extractor, Drone  
  14  0:30  Drone  
  14  0:35  Drone  
  16  0:49  Spawning Pool  
  15  0:52  Drone  
  15  0:56  Drone  
  17  1:07  Drone  
  18  1:17  Drone  
  19  1:38  Hatchery  
  18  1:42  Queen  
  18  1:46  Zergling x2  
  21  1:50  Zergling x2  
  22  2:31  Extractor  
  22  2:33  Overlord, Zergling x2  
  22  2:34  Overlord  
  22  2:43  Overlord  
  22  2:49  Queen  
  22  2:51  Drone  
  25  3:03  Zergling x2  
  25  3:05  Metabolic Boost  
  26  3:20  Drone x2  
  26  3:25  Queen  
  30  3:31  Spine Crawler  
  28  3:45  Zergling x6  
  31  4:11  Lair  
  31  4:13  Drone x2  
  31  5:01  Roach Warren  
  31  5:04  Drone x3  
  31  5:05  Extractor  
  32  5:15  Evolution Chamber  
  25  5:55  Zergling x18  
  25  5:56  Zergling x2  
  31  6:07  Spawning Pool  
  31  6:10  Roach x3  
  31  6:11  Roach  
  29  6:20  Roach x2  
  21  6:38  Overlord x2  
  6  7:01  Spawning Pool, Zergling x10  
  10  7:17  Zergling x6  
Tags
 
Add a new tag
Caveats
  • Supply blocks, unpowered buildings, or Contaminate may cause inaccurate times.
  • Supply counts are checked every 10 seconds.